 Dungeon Crawl Stone Soup version 0.26.0-10-g1f06aea511 (webtiles) character file.

Game seed: 4698049564551860883

95 inc the Vexing (level 4, 18/18 HPs)
             Began as a Felid Enchanter on Jan 29, 2021.
             Quit the game on level 5 of the Dungeon.
             The game lasted 00:05:27 (4103 turns).

inc the Vexing (Felid Enchanter)                    Turns: 4103, Time: 00:05:28

Health: 18/18      AC:  1    Str:  4    XL:     4   Next: 39%
Magic:  8/8        EV: 18    Int: 17    God:
Gold:   128        SH:  0    Dex: 17    Spells: 4/7 levels left
                                        Lives:  0   Deaths: 1

rFire    . . .     SeeInvis +     - Unarmed
rCold    . . .     Faith    .   (shield unavailable)
rNeg     . . .     Spirit   .   (armour unavailable)
rPois    .         Reflect  .   (helmet unavailable)
rElec    .         Harm     .   (cloak unavailable)
rCorr    .         Rampage  .   (gloves unavailable)
Will     .....                  (boots unavailable)
Stlth    +++.......             (no amulet)
HPRegen  0.06/turn              k - ring of wizardry
MPRegen  0.11/turn              m - ring of wizardry

@: quick
A: very small, no armour, no weapons or thrown items, stealth, claws 1, fangs 3,
see invisible, speed 1, shaggy fur 1, sharp paws
a: no special abilities


You were on level 5 of the Dungeon.
You visited 1 branch of the dungeon, and saw 4 of its levels.

You collected 128 gold pieces.

Inventory:

Jewellery
 k - a ring of wizardry (left paw)
 m - a ring of wizardry (right paw)
Scrolls
 a - 2 scrolls of teleportation {unknown}
 b - 5 scrolls of identify {unknown}
 c - a scroll of enchant armour
 f - a scroll of remove curse {unknown}
 i - a scroll of immolation {unknown}
 l - a scroll of noise {unknown}
 p - a scroll of magic mapping {unknown}
Potions
 d - a potion of lignification {unknown}
 e - 2 potions of flight {unknown}
 g - a potion of berserk rage
 h - a potion of brilliance {unknown}
 j - a potion of curing {unknown}
 n - a potion of ambrosia {unknown}
 o - a potion of magic {unknown}
 q - a potion of mutation {unknown}


   Skills:
 - Level 2.6 Dodging
 + Level 4.9 Stealth
 + Level 2.9 Unarmed Combat
 - Level 2.0 Spellcasting
 - Level 6.0 Hexes
 - Level 2.2 Ice Magic


You had 4 spell levels left.
You knew the following spells:

 Your Spells              Type           Power        Failure   Level
a - Corona                Hex            24%          1%          1
b - Ensorcelled Hibernat  Hex/Ice        30%          1%          2

Your spell library contained the following spells:

 Spells                   Type           Power        Failure   Level
 Confusing Touch          Hex            22%          1%          3
 Tukima's Dance           Hex            22%          1%          3
 Dazzling Flash           Conj/Hex       22%          4%          3


Dungeon Overview and Level Annotations

Branches:
Dungeon (3/15)

Altars:
Fedhas
Xom


Innate Abilities, Weirdness & Mutations

You cannot wear armour.
You are incapable of wielding weapons or throwing items.
Your paws allow you to move quietly. (Stealth)
You have sharp claws.
You have razor-sharp teeth.
You have supernaturally acute eyesight. (SInv)
You cover ground quickly.
You are covered in fur. (AC +1)
Your sharp claws are effective at attacking unaware monsters.


Message History

The kobold barely misses you.
You scratch the kobold.
You kill the kobold!
The kobold completely misses you.
You claw the big kobold!
The big kobold is heavily wounded.
The kobold completely misses you. The big kobold closely misses you.
You claw the big kobold!
The big kobold is severely wounded.
The kobold hits you but does no damage. The kobold barely misses you.
You scratch the big kobold but do no damage.
The big kobold is severely wounded.
You are no longer berserk.
You are exhausted.
You feel yourself slow down. The big kobold hits you with a +0 club!
You die...
You are now level 4!
You rejoin the land of the living...
Found 9 gold pieces.
Found a stone staircase leading up.
Are you sure you want to abandon this character and quit the game? (Confirm with "yes".)

#########
#........
#.......$
#........
#@..<....
#........
...#.##..
.#### #
##


There were no monsters in sight!

Vanquished Creatures
  A jelly (D:5)
  A worker ant (D:2)
  3 adders
  2 oozes (D:2)
  4 worms
  3 dart slugs (D:1)
  2 leopard geckos
  A ball python (D:2)
  A giant cockroach (D:1)
  7 goblins
  9 hobgoblins
  13 jackals
  2 quokkas (D:3)
  6 bats
  3 frilled lizards (D:2)
  13 kobolds
  10 rats
81 creatures vanquished.

Notes
Turn   | Place    | Note
-------+----------+-------------------------------------------
     0 | D:1      | inc the Felid Enchanter began the quest for the Orb.
     0 | D:1      | Reached XP level 1. HP: 7/7 MP: 4/4
   166 | D:1      | Reached XP level 2. HP: 3/11 MP: 3/6
   432 | D:1      | Learned a level 2 spell: Ensorcelled Hibernation
   889 | D:1      | Reached skill level 1 in Ice Magic
  1192 | D:1      | Reached XP level 3. HP: 14/14 MP: 4/7
  1507 | D:2      | Reached skill level 5 in Hexes
  2161 | D:2      | Found a blossoming altar of Fedhas.
  2249 | D:2      | Reached XP level 4. HP: 14/18 MP: 2/8
  2394 | D:2      | Found a shimmering altar of Xom.
  2542 | D:2      | Reached skill level 6 in Hexes
  3337 | D:3      | Reached XP level 5. HP: 17/21 MP: 0/9
  4060 | D:3      | You fall into a shaft and drop 2 floors!
  4060 | D:5      | Entered Level 5 of the Dungeon
  4102 | D:5      | Mangled by a big kobold
  4103 | D:5      | Reached XP level 4. HP: -6/18 MP: 8/8
  4103 | D:5      | Quit the game

Illustrated notes

Levels and vault maps discovered:
D:1:      shiori_arrival_maze, layout_basic
D:2:      layout_loops_corners, old_standard_altar, fedhas_altar_2
D:3:      layout_rooms, lemuel_crystal_altar
D:5:      minmay_goblin_kobold_castle, layout_rooms, minmay_temple_entry_mist

Skill      XL: |  1  2  3  4 |
---------------+-------------+-----
Unarmed Combat | 2 |  2.9
Ice Magic      | 1 2 |  2.2
Hexes          | 5 6 |  6.0
Dodging        | |  2.6
Stealth        | |  4.9
Spellcasting   | |  2.0

Action                   |  1- 3 |  4- 6 || total
-------------------------+-------+-------++-------
Melee: Unarmed           |    92 |   107 ||   199
       Bite              |     6 |     9 ||    15
 Cast: Corona            |     3 |       ||     3
       Ensorcelled Hiber |    30 |    33 ||    63
  Use: Scroll            |       |     1 ||     1
       Potion            |       |     1 ||     1
 Stab: Sleeping          |    23 |    32 ||    55
Armor: Skin              |     5 |    10 ||    15
Dodge: Dodged            |    83 |    88 ||   171
